 Dungeon Crawl Stone Soup version 0.26.0-41-g79a4fc7684 (webtiles) character file.

Game seed: 11545744422355463483

118 H0rd4k the Magician (level 4, 0/24 HPs)
             Began as a Deep Elf Hedge Wizard on Jan 26, 2021.
             Was an Initiate of Gozag.
             Succumbed to an adder's poison
             ... on level 2 of the Dungeon.
             The game lasted 00:03:22 (2212 turns).

H0rd4k the Magician (Deep Elf Hedge Wizard)         Turns: 2212, Time: 00:03:23

Health: 0/24       AC:  2    Str:  7    XL:     4   Next: 72%
Magic:  2/14       EV: 13    Int: 20    God:    Gozag
Gold:   44         SH:  0    Dex: 14    Spells: 6/15 levels left

rFire    . . .     SeeInvis .   a - +0 dagger
rCold    . . .     Faith    .   (no shield)
rNeg     . . .     Spirit   .   b - +0 robe
rPois    .         Reflect  .   c - +0 hat
rElec    .         Harm     .   (no cloak)
rCorr    .         Rampage  .   (no gloves)
Will     .....                  (no boots)
Stlth    ++........             (no amulet)
HPRegen  0.08/turn              (no ring)
MPRegen  0.14/turn              (no ring)

@: lethally poisoned (0 -> -8), gold aura, hasted, very quick
A: no striking features
a: Renounce Religion, Potion Petition, Call Merchant, Bribe Branch


You were on level 2 of the Dungeon.
You worshipped Gozag.
Gozag was noncommittal.
You visited 1 branch of the dungeon, and saw 2 of its levels.

You collected 68 gold pieces.
You paid 24 gold pieces to Gozag.

Inventory:

Hand Weapons
 a - a +0 dagger (weapon)
Missiles
 j - 2 atropa-tipped darts
Armour
 b - a +0 robe (worn)
 c - a +0 hat (worn)
Scrolls
 d - a scroll of immolation {unknown}
 e - a scroll of enchant weapon {unknown}
 f - 2 scrolls of amnesia {unknown}
 g - 2 scrolls of identify {unknown}
Potions
 i - 2 potions of haste


   Skills:
 + Level 1.2 Long Blades
 + Level 1.1(1.5) Axes
 + Level 1.0(1.4) Maces & Flails
 + Level 1.0(1.4) Polearms
 + Level 1.3(2.0) Staves
 + Level 1.1(1.3) Slings
 + Level 1.9 Bows
 + Level 1.2 Crossbows
 + Level 1.3(1.7) Throwing
 + Level 3.4 Dodging
 + Level 3.5 Stealth
 + Level 1.3 Shields
 + Level 6.1 Spellcasting
 + Level 2.3 Conjurations
 + Level 1.9 Hexes
 + Level 2.2 Summonings
 + Level 2.5 Necromancy
 + Level 2.5 Translocations
 + Level 1.5 Transmutations
 * Level 2.4 Fire Magic
 + Level 1.5 Ice Magic
 * Level 3.0 Air Magic
 + Level 1.5 Earth Magic
 * Level 2.7 Poison Magic
 + Level 2.3 Invocations
 + Level 2.3 Evocations


You had 6 spell levels left.
You knew the following spells:

 Your Spells              Type           Power        Failure   Level
a - Magic Dart            Conj           60%          4%          1
b - Blink                 Tloc           N/A          5%          2
c - Conjure Flame         Conj/Fire      15%          12%         3
d - Mephitic Cloud        Conj/Pois/Air  16%          11%         3

Your spell library contained the following spells:

 Spells                   Type           Power        Failure   Level
 Call Imp                 Summ           15%          6%          2
 Slow                     Hex            13%          7%          2


Dungeon Overview and Level Annotations

Branches:
Dungeon (2/15)

Altars:
Elyvilon
Gozag

Annotations:
D:2 Sigmund


Message History

Your Transmutations skill increases to level 1!
Your Fire Magic skill gained 2 levels and is now at level 2!
Your Ice Magic skill increases to level 1!
Your Air Magic skill gained 3 levels and is now at level 3!
Your Earth Magic skill increases to level 1!
Your Poison Magic skill gained 2 levels and is now at level 2!
Your Invocations skill gained 2 levels and is now at level 2!
Your Evocations skill gained 2 levels and is now at level 2!
You have reached level 4!
You feel clever.
* * * LOW HITPOINT WARNING * * *
You feel sick.
It was a potion of haste.
You feel yourself speed up.
* * * LOW HITPOINT WARNING * * *
You feel sick.
Okay, then.
* * * LOW HITPOINT WARNING * * *
You feel sick.
You die...
Your body crumbles into a pile of gold.

.################################
...........$....@................
.........[######################.
...######.## ####.(... ... #..###
#....#### ... ##...## ####
##.#### ...
###..###..#####..####### ...
##..................#. ...
######..#...######... ... $
....###### ####


There were no monsters in sight!

Vanquished Creatures
  3 adders (D:2)
  A dart slug (D:1)
  3 giant cockroaches
  2 goblins (D:1)
  3 hobgoblins (D:1)
  5 kobolds (D:1)
  A quokka (D:2)
  2 ball pythons (D:1)
  3 bats (D:2)
  A frilled lizard (D:2)
  5 rats
29 creatures vanquished.

Notes
Turn   | Place    | Note
-------+----------+-------------------------------------------
     0 | D:1      | H0rd4k the Deep Elf Hedge Wizard began the quest for the
                  | Orb.
     0 | D:1      | Reached XP level 1. HP: 10/10 MP: 7/7
   385 | D:1      | Reached XP level 2. HP: 15/15 MP: 2/9
   408 | D:1      | Reached skill level 5 in Spellcasting
  1598 | D:2      | Noticed Sigmund
  1736 | D:2      | Found an opulent altar of Gozag.
  1739 | D:2      | Found a white marble altar of Elyvilon.
  1743 | D:2      | Became a worshipper of Gozag Ym Sagoz the Greedy
  1900 | D:2      | Reached XP level 3. HP: 9/19 MP: 3/12
  1907 | D:2      | Learned a level 2 spell: Blink
  1911 | D:2      | Learned a level 3 spell: Conjure Flame
  1915 | D:2      | Learned a level 3 spell: Mephitic Cloud
  2207 | D:2      | Reached skill level 1 in Long Blades
  2207 | D:2      | Reached skill level 1 in Axes
  2207 | D:2      | Reached skill level 1 in Maces & Flails
  2207 | D:2      | Reached skill level 1 in Polearms
  2207 | D:2      | Reached skill level 1 in Staves
  2207 | D:2      | Reached skill level 1 in Slings
  2207 | D:2      | Reached skill level 1 in Bows
  2207 | D:2      | Reached skill level 1 in Crossbows
  2207 | D:2      | Reached skill level 1 in Throwing
  2207 | D:2      | Reached skill level 1 in Shields
  2207 | D:2      | Reached skill level 6 in Spellcasting
  2207 | D:2      | Reached skill level 1 in Hexes
  2207 | D:2      | Reached skill level 1 in Transmutations
  2207 | D:2      | Reached skill level 1 in Ice Magic
  2207 | D:2      | Reached skill level 1 in Earth Magic
  2207 | D:2      | Reached XP level 4. HP: 4/24 MP: 1/14
  2210 | D:2      | HP: 1/24 [poisoned by an adder]
  2212 | D:2      | Succumbed to an adder's poison

Illustrated notes

Levels and vault maps discovered:
D:1:      kennysheep_arrival_forest, layout_basic
D:2:      layout_rooms, minitemple, uniq_sigmund, uniq_jessica

Skill      XL: |  1  2  3 |
---------------+----------+-----
Spellcasting   | 5 6 |  6.1
Long Blades    | 1 |  1.2
Axes           | 1 |  1.1
Maces & Flails | 1 |  1.0
Polearms       | 1 |  1.0
Staves         | 1 |  1.3
Slings         | 1 |  1.1
Bows           | 1 |  1.9
Crossbows      | 1 |  1.2
Throwing       | 1 |  1.3
Dodging        | 3 |  3.4
Stealth        | 3 |  3.5
Shields        | 1 |  1.3
Conjurations   | 2 |  2.3
Hexes          | 1 |  1.9
Summonings     | 2 |  2.2
Necromancy     | 2 |  2.5
Translocations | 2 |  2.5
Transmutations | 1 |  1.5
Fire Magic     | 2 |  2.4
Ice Magic      | 1 |  1.5
Air Magic      | 3 |  3.0
Earth Magic    | 1 |  1.5
Poison Magic   | 2 |  2.7
Invocations    | 2 |  2.3
Evocations     | 2 |  2.3

Action                   |  1- 3 |  4- 6 || total
-------------------------+-------+-------++-------
Melee: Dagger            |     3 |       ||     3
 Cast: Magic Dart        |    92 |       ||    92
  Use: Potion            |     1 |     1 ||     2
Armor: Robe              |     4 |       ||     4
Dodge: Dodged            |    23 |       ||    23
